 Dungeon Crawl Stone Soup version 0.22-a0-135-g6f012ad (webtiles) character file.

65 Azzok the Vexing (level 3, 0/19 HPs)
             Began as a Deep Elf Enchanter on Feb 1, 2018.
             Succumbed to an adder's poison
             ... on level 1 of the Dungeon.
             The game lasted 00:02:37 (1320 turns).

Azzok the Vexing (Deep Elf Enchanter)               Turns: 1320, Time: 00:02:38

Health: 0/19       AC:  2    Str:  5    XL:     3   Next: 92%
Magic:  0/9        EV: 13    Int: 20    God:
Gold:   94         SH:  0    Dex: 15    Spells: 5/8 levels left

rFire    . . .     SeeInvis .   a - +1 dagger
rCold    . . .     Gourm    .   (no shield)
rNeg     . . .     Faith    .   b - +0 robe
rPois    .         Spirit   .   (no helmet)
rElec    .         Reflect  .   (no cloak)
rCorr    .         Harm     .   (no gloves)
MR       .....                  (no boots)
Stlth    +++.......             (no amulet)
HPRegen  0.06/turn              (no ring)
MPRegen  0.11/turn              (no ring)

@: lethally poisoned (0 -> -8)
A: no striking features
a: no special abilities


You were on level 1 of the Dungeon.
You were hungry.

You visited 1 branch of the dungeon, and saw 2 of its levels.

You collected 94 gold pieces.

Inventory:

Hand Weapons
 a - a +1 dagger (weapon)
Armour
 b - a +0 robe (worn)
 k - a +1 buckler of poison resistance
Scrolls
 f - a scroll of remove curse {unknown}
 g - 3 scrolls of fog {unknown}
 h - 3 scrolls of identify {unknown}
 j - a scroll of teleportation {unknown}
Potions
 e - a potion of flight {unknown}
 i - 3 potions of might {unknown}
 m - a potion of heal wounds {unknown}
 n - a potion of haste {unknown}
Books
 c - a book of Maledictions

   Spells                             Type                      Level
   a - Corona                         Hexes                        1
   b - Ensorcelled Hibernation        Hexes/Ice                    2
   c - Confuse                        Hexes                        3
   d - Tukima's Dance                 Hexes                        3
   e - Dazzling Spray                 Conjuration/Hexes            3
Comestibles
 d - 7 rations
 l - a chunk of flesh


   Skills:
 * Level 2.5 Short Blades
 - Level 2.4 Dodging
 + Level 4.3 Stealth
 + Level 0.8 Shields
 - Level 3.0 Spellcasting
 + Level 4.6 Hexes


You had 5 spell levels left.
You knew the following spells:

 Your Spells              Type           Power        Failure   Level  Hunger
a - Corona                Hex            ###....      1%          1    None
b - Ensorcelled Hibernat  Hex/Ice        ##....       9%          2    ##.....


Dungeon Overview and Level Annotations

Branches:
Dungeon (2/15)

Altars:


Message History

* * * LOW MAGIC WARNING * * *
The adder bites you but does no damage. The adder bites you.
* * * LOW HITPOINT WARNING * * *
You are lethally poisoned!
The adder poisons you!
* * * LOW HITPOINT WARNING * * *
You feel sick.
* * * LOW HITPOINT WARNING * * *
You feel sick.
Things that are here:
a dagger; 2 stones; 3 inedible chunks of flesh The adder bites you.
* * * LOW HITPOINT WARNING * * *
There is a stone staircase leading up here.
You see here a stone.
* * * LOW HITPOINT WARNING * * *
You feel sick. The adder completely misses you.
You climb upwards.
You die...

···)···▒·····(·····▒
·······▒··▒··▒▒····▒
·······▒···▒·▒▒····▒
·················▒▒▒
···)······▒▒·····▒▒
··········▒▒······▒▒▒▒
·····················▒
·····▒·▒▒·▒▒·········▒
····▒··▒▒·▒▒····@····▒
·················S···▒
·▒▒)▒▒···············▒
·▒▒·▒▒···············▒
·▒▒··················▒
·▒▒▒▒▒▒▒▒▒···········▒
·▒ ▒···········▒ ·▒
▒▒▒▒······▒▒▒
·▒▒▒▒▒▒▒▒▒▒▒▒······▒


You could see an adder.

Vanquished Creatures
  A howler monkey (D:2)
  2 bats
  3 giant cockroaches (D:1)
  5 goblins (D:1)
  3 hobgoblins (D:1)
  A jackal (D:1)
  5 kobolds
  A frilled lizard (D:2)
  2 rats (D:1)
23 creatures vanquished.

Notes
Turn   | Place    | Note
-------+----------+-------------------------------------------
     0 | D:1      | Azzok the Deep Elf Enchanter began the quest for the Orb.
     0 | D:1      | Reached XP level 1. HP: 10/10 MP: 6/6
   501 | D:1      | Reached XP level 2. HP: 15/15 MP: 8/8
   505 | D:1      | Learned a level 2 spell: Ensorcelled Hibernation
  1103 | D:2      | Noticed a howler monkey
  1112 | D:2      | Killed a howler monkey
  1112 | D:2      | Reached XP level 3. HP: 19/19 MP: 6/9
  1320 | D:1      | Succumbed to an adder's poison

Vault maps used:
D:1:      dpeg_arrival_rooms_b, hangedman_abyss_or_decor_lesser_grid,
          st_stairs_3, hex_intersection
D:2:      uniq_natasha

Skill      XL: |  1  2 |
---------------+-------+-----
Stealth        | 4 |  4.3
Short Blades   | 2 |  2.5
Dodging        | |  2.4
Shields        | |  0.8
Spellcasting   | |  3.0
Hexes          | |  4.6

Action                   || total
-------------------------++-------
Melee: Dagger            ||    44
 Cast: Corona            ||     7
       Ensorcelled Hiber ||    14
 Stab: Sleeping          ||    16
  Eat: Chunk             ||     1
Armor: Robe              ||     9
Dodge: Dodged            ||    46

Table legend:
 A = Spawn XP
 B = Non-spawn XP
 C = Spawn XP percentage of total XP
 D = Spawn monster count
 E = Non-spawn monster count
 F = Spawn count percentage of total count
 G = Total turns spent on level
                    A         B        C        D         E        F      G
               +---------+---------+-------+---------+---------+-------+---------
         Total |       0 |      93 |   0.0 |       0 |      23 |   0.0 |  1320
               +---------+---------+-------+---------+---------+-------+---------
           D:1 |       0 |      33 |   0.0 |       0 |      18 |   0.0 |  1146
           D:2 |       0 |      60 |   0.0 |       0 |       5 |   0.0 |   174
               +---------+---------+-------+---------+---------+-------+---------
